 Dungeon Crawl Stone Soup version 0.25-a0-413-g3b4b6a4ccc (webtiles) character file.

Game seed: 11543772786013686936, levelgen mode: deterministic

0 MrRokkomies the Ducker (level 1, -27/8 HPs)
             Began as a Spriggan Abyssal Knight on Jan 17, 2020.
             Was a Follower of Lugonu.
             Killed from afar by an eidolon (35 damage)
             ... with a bolt of negative energy
             ... on level 1 of the Abyss.
             The game lasted 00:00:31 (197 turns).

MrRokkomies the Ducker (Spriggan Abyssal Knight)     Turns: 197, Time: 00:00:31

Health: -27/8      AC:  1    Str:  8    XL:     1   Next: 0%
Magic:  3/3        EV: 18    Int:  9    God:    Lugonu [*.....]
Gold:   9          SH:  0    Dex: 15    Spells: 0/0 levels left

rFire    . . .     SeeInvis +   a - +1 short sword
rCold    . . .     Gourm    .   (shield restricted)
rNeg     . . .     Faith    .   b - +0 robe
rPois    .         Spirit   .   (helmet restricted)
rElec    .         Reflect  .   (no cloak)
rCorr    .         Harm     .   (gloves unavailable)
MR       .....                  (boots unavailable)
Stlth    +.........             (no amulet)
HPRegen  0.02/turn              (no ring)
MPRegen  0.08/turn              (no ring)

@: drained, very quick
A: very small, unfitting armour, see invisible, [deformed body], [dopey 2],
herbivore, speed 3, [frail 2], slow metabolism 2, [no potion heal 2]
a: Depart the Abyss, Renounce Religion


You were on level 1 of the Abyss.
You worshipped Lugonu.
Lugonu was aware of your devotion.
You were not hungry.

You visited 0 branches of the dungeon, and saw 0 of its levels.
You visited the Abyss 1 time.

You collected 9 gold pieces.

Inventory:

Hand Weapons
 a - a +1 short sword (weapon)
Armour
 b - a +0 robe (worn)
Jewellery
 f - an uncursed ring of magical power {unknown}
Potions
 d - a potion of brilliance {unknown}
 e - 2 potions of curing {unknown}
Comestibles
 c - a ration


   Skills:
 + Level 2.4(1.7) Fighting
 + Level 2.1(1.5) Short Blades
 + Level 3.5(2.8) Dodging
 + Level 1.7(1.1) Invocations


You couldn't memorise any spells.
You didn't know any spells.
Your spell library was empty.

Dungeon Overview and Level Annotations

Branches:
Dungeon (0/15)

Altars:


Innate Abilities, Weirdness & Mutations

You are very small and have problems with some larger weapons.
You are too small for most types of armour.
You have supernaturally acute eyesight. (SInv)
You are a herbivore.
You cover ground extremely quickly.
You need to consume almost no food.
[Armour fits poorly on your strangely shaped body.]
[You are very dopey. (Int -4)]
[You are very frail. (-20% HP)]
[Potions are poor at restoring your health.]


Message History

A tentacle flies out from the starspawn's body!
A starspawn tentacle comes into view.
Found a mace.
Found 6 arrows.
An orange demon and a lich come into view.
The lich shouts!
An eidolon comes into view.
The orange demon screeches!
Found a brass ring.
A large abomination comes into view.
The lich points at you and mumbles some strange words.
The bolt of negative energy hits the large abomination.
The large abomination completely resists.
The bolt of negative energy misses you.
You see here a brass ring.
f - a brass ring The eidolon stares piercingly at you.
The bolt of negative energy hits you!!
You feel drained.
Ouch! That really hurt!
You die...

#.## ###.... #
##.#....#
#.###..#.....
#...#.#..#..##
#.@..#.##.###
#.#X.....#.§#
..#####....#W##..§
...... ...L.......
................. .
...................
......##......##..
......##...4..##..
................ ..


You could see a lich, an eidolon, an orange demon and a large abomination.

Vanquished Creatures (others)
  6 starspawn tentacles (Abyss:1)
6 creatures vanquished.

Notes
Turn   | Place    | Note
-------+----------+-------------------------------------------
     0 | Abyss:1  | MrRokkomies the Spriggan Abyssal Knight began the quest for
                  | the Orb.
     0 | Abyss:1  | Reached XP level 1. HP: 11/11 MP: 3/3
    56 | Abyss:1  | Noticed a quasit
    60 | Abyss:1  | Noticed a small abomination
    72 | Abyss:1  | Noticed a small abomination
   141 | Abyss:1  | Noticed a tentacled starspawn
   149 | Abyss:1  | Noticed a wretched star
   173 | Abyss:1  | Noticed a rakshasa
   188 | Abyss:1  | Noticed an orange demon
   188 | Abyss:1  | Noticed a lich
   189 | Abyss:1  | Noticed an eidolon
   190 | Abyss:1  | Noticed a large abomination
   197 | Abyss:1  | Killed from afar by an eidolon

Levels and vault maps discovered:
Abyss:1:  bh_abyss_exit_choice, minivault_25, minivault_25

Action                   || total
-------------------------++-------
Dodge: Dodged            ||     2

Table legend:
 A = Non-vault XP
 B = Vault XP
 C = Vault XP percentage of total XP
 D = Non-vault monster count
 E = Vault monster count
 F = Vault count percentage of total count
                 A         B        C        D         E       F
            +---------+---------+-------+---------+---------+-------
      Total |       0 |       0 |   N/A |       0 |       0 |  -nan
            +---------+---------+-------+---------+---------+-------
            +---------+---------+-------+---------+---------+-------
